 Dungeon Crawl Stone Soup version 0.21.1-1-g345015f (webtiles) character file.

418 Supreme the Digger (level 6, -9/51 HPs)
             Began as a Gargoyle Earth Elementalist on Apr 2, 2018.
             Mangled by an orc warrior
             ... wielding a +0 battleaxe
              (13 damage)
             ... on level 4 of the Dungeon.
             The game lasted 01:17:16 (4057 turns).

Supreme the Digger (Gargoyle Earth Elementalist)    Turns: 4057, Time: 01:17:16

Health: -9/51      AC: 23    Str: 11    XL:     6   Next: 93%
Magic:  14/20      EV:  2    Int: 18    God:
Gold:   225        SH:  4    Dex: 10    Spells: 1/12 levels left

rFire    + . .     SeeInvis .   S - +0 whip (curse)
rCold    x . .     Gourm    .   (no shield)
rNeg     + + +     Faith    .   (armour currently unavailable)
rPois    ∞         Spirit   .   (helmet currently unavailable)
rElec    .         Reflect  +   (cloak currently unavailable)
rCorr    .         Harm     .   (gloves currently unavailable)
MR       .....     NoTele   +   (boots currently unavailable)
Stlth    ++........             u - +4 amulet of reflection
HPRegen  0.17/turn              C - ring of magical power
MPRegen  0.17/turn              t - ring of fire

@: tree-form
A: negative energy resistance 1, petrification resistance, rot immunity, AC +4
a: no special abilities


You were on level 4 of the Dungeon.
You were very full.
You were a tree.
You visited 1 branch of the dungeon, and saw 6 of its levels.

You collected 225 gold pieces.

Inventory:

Hand Weapons
 f - the +7 spear of the Yaks {flame, rPois rF+ rN+, unknown}
   (You found it on level 5 of the Dungeon)

   It has been specially enchanted to burn those struck by it, causing extra
   injury to most foes and up to half again as much damage against particularly
   susceptible opponents.
   It protects you from fire.
   It protects you from poison.
   It protects you from negative energy.
 j - a +0 shortbow
 k - a +0 falchion
 p - a +0 club
 q - a +0 falchion
 r - a cursed -2 hand axe
 y - a +0 club
 A - a +0 whip
 B - a +0 flail
 E - a +0 whip
 F - a +0 dagger
 G - a cursed -2 club
 H - a +0 dagger
 I - a +0 dagger
 M - a +0 dagger
 N - a +0 club
 Q - a +0 club
 R - a cursed -3 mace
 S - a cursed +0 whip (weapon)
 U - a +0 short sword
 V - a +0 quarterstaff
 X - a +0 mace
 Y - a +0 spear
Missiles
 b - 31 stones (quivered)
 w - 34 arrows
 K - 34 sling bullets
 T - 12 poisoned needles
Armour
 m - a +0 buckler
 s - a +1 robe of magic resistance (melded)
Magical Staves
 v - an uncursed staff of power
Jewellery
 i - an uncursed amulet of harm
 t - a ring of fire (right branch)
 u - a +4 amulet of reflection (around neck)
 C - a ring of magical power (left branch)
 J - an uncursed amulet of the gourmand
 L - an uncursed amulet of guardian spirit
Scrolls
 h - a scroll of fear
 l - a scroll of magic mapping
 z - 2 scrolls of teleportation
 P - a scroll of immolation {unknown}
 Z - a scroll of enchant armour
Potions
 c - a potion of brilliance {unknown}
 n - a potion of heal wounds {unknown}
 x - 3 potions of curing
 D - 2 potions of might
 O - 2 potions of lignification
 W - 2 potions of resistance
Books
 a - a book of Changes

   Spells                             Type                      Level
   a - Beastly Appendage              Transmutation                1
   b - Sticks to Snakes               Transmutation                2
   c - Spider Form                    Transmutation/Poison         3
   d - Ice Form                       Ice/Transmutation            4
   e - Blade Hands                    Transmutation                5
 e - a book of Geomancy

   Spells                             Type                      Level
   a - Sandblast                      Earth                        1
   b - Passwall                       Transmutation/Earth          2
   c - Stone Arrow                    Conjuration/Earth            3
   d - Petrify                        Transmutation/Earth          4
   e - Lee's Rapid Deconstruction     Earth                        5
 g - a book of Minor Magic

   Spells                             Type                      Level
   a - Magic Dart                     Conjuration                  1
   b - Blink                          Translocation                2
   c - Call Imp                       Summoning                    2
   d - Slow                           Hexes                        2
   e - Conjure Flame                  Conjuration/Fire             3
   f - Mephitic Cloud                 Conjuration/Poison/Air       3
 o - a book of Ice

   Spells                             Type                      Level
   a - Ice Form                       Ice/Transmutation            4
   b - Metabolic Englaciation         Hexes/Ice                    5
   c - Ozocubu's Refrigeration        Ice                          6
   d - Bolt of Cold                   Conjuration/Ice              6
   e - Freezing Cloud                 Conjuration/Ice/Air          6
   f - Simulacrum                     Ice/Necromancy               6
Comestibles
 d - 10 rations


   Skills:
 + Level 1.4 Fighting
 + Level 1.1 Maces & Flails
 + Level 2.3 Dodging
 + Level 3.6 Stealth
 + Level 3.7 Spellcasting
 + Level 0.4 Conjurations
 + Level 0.1 Translocations
 + Level 0.8 Transmutations
 + Level 6.1 Earth Magic


You had one spell level left.
You knew the following spells:

 Your Spells              Type           Power        Failure   Level  Hunger
a - Sandblast             Erth           ####..       1%          1    None
b - Passwall              Tmut/Erth      ###.......   5%          2    ##.....
c - Stone Arrow           Conj/Erth      ###...       12%         3    ###....
d - Blink                 Tloc           N/A          22%         2    ##.....
e - Conjure Flame         Conj/Fire      #.......     38%         3    ###....


Dungeon Overview and Level Annotations

Branches:
Dungeon (6/15)
 Temple: D:4-7

Altars:
Dithmenos
Okawaru
Ru
Sif Muna
Yredelemnul

Annotations:
D:3 gerrrit's ghost, amateur GrFi
D:5 Edmund
D:6 1 exclusion


Innate Abilities, Weirdness & Mutations

You are resistant to torment.
((Your stone body is resilient. (AC +4)))
You are immune to poison.
You resist negative energy. (rN+)
((You are resistant to electric shocks. (rElec)))
((You can survive without breathing.))
You are immune to petrification.
You are immune to rotting.


Message History

You don't know that spell.
Casting: Sandblast
Confirm with . or Enter, or press ? or * to list all spells.
You can't move.
Casting: Passwall
Confirm with . or Enter, or press ? or * to list all spells.
Aiming: Stone Arrow
Press: ? - help, Shift-Dir - straight line, f/p - orc warrior
Aim: an orc warrior, wielding a battleaxe and wearing a chain mail (moderately wounded)
The stone arrow misses the orc warrior.
The orc warrior hits you but does no damage.
Casting: Stone Arrow
Confirm with . or Enter, or press ? or * to list all spells.
Aiming: Stone Arrow
Press: ? - help, Shift-Dir - straight line, f/p - orc warrior
Aim: an orc warrior, wielding a battleaxe and wearing a chain mail (moderately wounded)
The stone arrow hits the orc warrior.
The orc warrior is heavily wounded.
The orc warrior hits you with a battleaxe!
You die...

** *#..# #......##
*#.## ##.......#
#..# ##........#
##.## #.........#
##.## ##.........#
#..## ##...#......#
* ####..#
#....######## *
######.....###...##
*
#.........o♣#....#
*
##..........##.###
* ##........#####
###.....## ##...##
#####


You could see an orc warrior.

Vanquished Creatures
  A centaur (D:5)
  2 scorpions
  A howler monkey (D:5)
  2 worker ants (D:5)
  5 adders
  A shadow imp (D:5)
  2 oozes
  2 worms (D:2)
  2 dart slugs (D:1)
  2 leopard geckos
  8 orcs
  4 ball pythons
  4 giant cockroaches
  5 goblins
  4 hobgoblins
  8 jackals
  5 kobolds
  8 bats
  6 frilled lizards
  13 rats
85 creatures vanquished.

Vanquished Creatures (others)
  A plant (D:5)
1 creature vanquished.

Grand Total: 86 creatures vanquished

Notes
Turn   | Place    | Note
-------+----------+-------------------------------------------
     0 | D:1      | Supreme the Gargoyle Earth Elementalist began the quest for the Orb.
     0 | D:1      | Reached XP level 1. HP: 10/10 MP: 3/3
    70 | D:1      | Reached skill level 4 in Earth Magic
    89 | D:1      | Reached XP level 2. HP: 14/15 MP: 3/5
   102 | D:1      | Learned a level 2 spell: Passwall
   290 | D:1      | Reached XP level 3. HP: 18/19 MP: 6/6
   295 | D:1      | Learned a level 3 spell: Stone Arrow
  1049 | D:2      | Reached XP level 4. HP: 20/24 MP: 7/7
  1112 | D:3      | Noticed gerrrit's ghost (amateur GrFi)
  1571 | D:2      | Found a faded altar of an unknown god.
  2020 | D:2      | Reached XP level 5. HP: 28/28 MP: 9/9
  2424 | D:5      | Entered Level 5 of the Dungeon
  2487 | D:6      | Found an iron altar of Okawaru.
  2549 | D:6      | Found a shadowy altar of Dithmenos.
  2577 | D:5      | Noticed a centaur
  2602 | D:5      | Killed a centaur
  2602 | D:5      | Reached skill level 1 in Fighting
  2602 | D:5      | Reached skill level 5 in Earth Magic
  2666 | D:5      | Reached XP level 6. HP: 6/34 MP: 10/10
  2707 | D:5      | Reached skill level 1 in Maces & Flails
  2797 | D:5      | Noticed a two-headed ogre
  2892 | D:5      | Noticed an ice beast
  2957 | D:5      | Noticed Edmund
  3055 | D:5      | Got a faintly glowing spear
  3101 | D:4      | Reached skill level 6 in Earth Magic
  3804 | D:5      | Found a basalt altar of Yredelemnul.
  3812 | D:5      | Found a sacrificial altar of Ru.
  3814 | D:5      | Found a deep blue altar of Sif Muna.
  3831 | D:5      | Learned a level 2 spell: Blink
  3835 | D:5      | Learned a level 3 spell: Conjure Flame
  3891 | D:5      | Noticed an orc warrior
  4057 | D:4      | Mangled by an orc warrior

Skill      XL: |  1  2  3  4  5  6 |
---------------+-------------------+-----
Earth Magic    | 4 5 6 |  6.1
Dodging        | 2 |  2.3
Stealth        | 3 |  3.6
Fighting       | 1 |  1.4
Spellcasting   | 3 |  3.7
Maces & Flails | 1 |  1.1
Conjurations   | |  0.4
Translocations | |  0.1
Transmutations | |  0.8

Action                   |  1- 3 |  4- 6 || total
-------------------------+-------+-------++-------
Melee: Spear             |    62 |       ||    62
       Club              |    50 |    28 ||    78
       Staff             |       |    13 ||    13
       Flail             |       |    47 ||    47
       Whip              |       |    20 ||    20
 Cast: Sandblast         |    19 |    77 ||    96
       Passwall          |       |     5 ||     5
       Stone Arrow       |       |    17 ||    17
       Blink             |       |     3 ||     3
       Conjure Flame     |       |     1 ||     1
  Use: Scroll            |       |    10 ||    10
       Potion            |       |     2 ||     2
 Stab: Sleeping          |     3 |     6 ||     9
       Distracted        |     1 |       ||     1
  Eat: Chunk             |     1 |    24 ||    25
Armor: Robe              |    51 |    62 ||   113
       Ring mail         |       |    21 ||    21
       Skin              |       |     5 ||     5
Dodge: Dodged            |    94 |   129 ||   223
Block: Other             |       |     2 ||     2
